 Dungeon Crawl Stone Soup version 0.21-a0-85-ga0cb861 (webtiles) character file.

97 smhtbhfam the Grave Robber (level 4, 20/27 HPs)
             Began as a Vampire Necromancer on June 24, 2017.
             Was a Follower of Hepliaklqana.
             Quit the game in a sewer on June 25, 2017.
             The game lasted 00:13:13 (1449 turns).

smhtbhfam the Grave Robber (Vampire Necromancer)    Turns: 1449, Time: 00:13:14

Health: 20/27      AC:  5    Str:  7    XL:     4   Next: 42%
Magic:  7/7        EV: 12    Int: 18    God:    Hepliaklqana [*.....]
Gold:   107        SH:  0    Dex: 14    Spells: 2/7 levels left

rFire    . . .     SeeInvis +   l - +0 short sword
rCold    + . .     Gourm    .   (no shield)
rNeg     + + .     Faith    .   g - +0 leather armour
rPois    +         Spirit   .   j - +0 helmet
rElec    .         Reflect  .   (no cloak)
rCorr    .         Harm     .   r - +0 pair of gloves
MR       .....                  (no boots)
Stlth    ++........             (no amulet)
HPRegen  0.04/turn              (no ring)
MPRegen  0.10/turn              (no ring)

@: regenerating slowly, very slow
A: reduced essence, fangs 3, see invisible, unbreathing
a: Bat Form, Recall Ancestor, Ancestor Identity, Renounce Religion


You were in a sewer.
You worshipped Hepliaklqana.
Hepliaklqana was aware of your devotion.
You were very thirsty.

You visited 1 branch of the dungeon, and saw 3 of its levels.
You also visited: Sewer.

You collected 107 gold pieces.

Inventory:

Hand Weapons
 l - a +0 short sword (weapon)
 u - a +1 war axe
Armour
 a - a +0 robe
 g - a +0 leather armour (worn)
 j - a +0 helmet (worn)
 r - a +0 pair of gloves (worn)
Scrolls
 e - 2 scrolls of fear
 h - a scroll of identify {@r1}
 q - a scroll of magic mapping {unknown}
 s - a scroll of random uselessness {unknown}
 t - a scroll of recharging {unknown}
 v - a scroll of blinking {unknown}
 w - 3 scrolls of fog
Potions
 c - 14 potions of blood {@q0}
 d - a potion of curing {unknown}
 f - 3 potions of brilliance
 i - 3 potions of heal wounds {@q2}
 k - a potion of flight {unknown}
 o - a potion of berserk rage {unknown}
Books
 b - a book of Necromancy

   Spells                             Type                      Level
   a - Pain                           Necromancy                   1
   b - Animate Skeleton               Necromancy                   1
   c - Vampiric Draining              Necromancy                   3
   d - Regeneration                   Charms/Necromancy            3
   e - Animate Dead                   Necromancy                   4
   f - Control Undead                 Necromancy                   4


   Skills:
 - Level 2.9 Short Blades
 + Level 1.8 Axes
 - Level 2.1 Dodging
 - Level 3.0 Stealth
 - Level 2.0 Spellcasting
 - Level 5.0 Necromancy


You had 2 spell levels left.
You knew the following spells:

 Your Spells              Type           Power        Failure   Level  Hunger
a - Pain                  Necr           ###.         3%          1    #......
b - Animate Skeleton      Necr           N/A          3%          1    #......
c - Vampiric Draining     Necr           ###.......   11%         3    ###....


Dungeon Overview and Level Annotations

Branches:
Dungeon (3/15)

Altars:
Hepliaklqana

Annotations:
D:2 Natasha, Robin


Innate Abilities, Weirdness & Mutations

You heal slowly.
You have razor-sharp teeth.
You have supernaturally acute eyesight. (SInv)
You can survive without breathing.
Your life essence is reduced to manifest your ancestor. (-10% HP)


Message History

You enter the shallow water.
Moving in this stuff is going to be slow.
You enter the shallow water.
Moving in this stuff is going to be slow.
You enter the shallow water.
Moving in this stuff is going to be slow.
You enter the shallow water.
Moving in this stuff is going to be slow.
You are feeling very thirsty.
You enter the shallow water.
Moving in this stuff is going to be slow.
You enter the shallow water.
Moving in this stuff is going to be slow.
You enter the shallow water.
Moving in this stuff is going to be slow.
You enter the shallow water.
Moving in this stuff is going to be slow.
You enter the shallow water.
Moving in this stuff is going to be slow.
Are you sure you want to abandon this character and quit the game? (Confirm with "yes".)

#≈# #≈# #≈# #≈# #≈#
####################≈############
#≈≈.≈..≈..≈...≈R@≈≈≈≈≈≈≈≈÷=.§÷≈.≈
#≈≈..≈≈≈≈.≈.≈...≈÷≈÷.≈≈.≈.≈.§.≈≈.
#######≈#########################
#.####.# #.##.## ####.#.##
#...#.## ####.## #..####


You could see the friendly Ahhotep the ancestor.

Vanquished Creatures
  Natasha (D:2)
  2 adders
  4 ball pythons
  3 bats (D:3)
  4 giant cockroaches
  6 goblins (D:2)
  4 hobgoblins
  3 kobolds (D:1)
  2 quokkas
  5 frilled lizards
  6 rats
40 creatures vanquished.

Vanquished Creatures (collateral kills)
  A river rat (Sewer)
  An orc (D:3)
  A ball python (Sewer)
  2 frilled lizards (Sewer)
  A rat (Sewer)
6 creatures vanquished.

Vanquished Creatures (others)
  16 toadstools (D:2)
16 creatures vanquished.

Grand Total: 62 creatures vanquished

Notes
Turn   | Place    | Note
-------+----------+-------------------------------------------
     0 | D:1      | smhtbhfam the Vampire Necromancer began the quest for the Orb.
     0 | D:1      | Reached XP level 1. HP: 13/13 MP: 3/3
     0 | D:1      | my mind screams no
     0 | D:1      | but whatever
     2 | D:1      | Learned a level 1 spell: Animate Skeleton
    33 | D:1      | what are my win conditions anyway
    33 | D:1      | i have no idea
   261 | D:1      | Reached XP level 2. HP: 9/19 MP: 0/5
   347 | D:1      | Reached skill level 5 in Necromancy
   464 | D:2      | oh of course i don't get blood of animating a skeleton
   464 | D:2      | that would be too intuitive
   518 | D:2      | Upgraded the game from 0.21-a0-84-g85d6d27 to 0.21-a0-85-ga0cb861
   577 | D:2      | Reached skill level 1 in Short Blades
   631 | D:2      | Noticed Natasha
   642 | D:2      | HP: 2/19 [Natasha (8)]
   644 | D:2      | Killed Natasha
   644 | D:2      | Reached skill level 2 in Short Blades
   644 | D:2      | Reached XP level 3. HP: 24/24 MP: 0/6
   711 | D:2      | Noticed Robin
   747 | D:2      | Noticed Natasha
   863 | D:2      | Learned a level 3 spell: Vampiric Draining
   885 | D:2      | Found a faded altar of an unknown god.
   909 | D:2      | Became a worshipper of Hepliaklqana the Forgotten
   909 | D:2      | Reached * piety under Hepliaklqana
   910 | D:2      | ok, we're a fighter then
  1056 | D:3      | Reached XP level 4. HP: 27/27 MP: 7/7
  1158 | D:3      | Reached skill level 1 in Axes
  1195 | D:3      | Found a glowing drain.
  1226 | Sewer    | Entered a sewer
  1449 | Sewer    | Quit the game

Vault maps used:
D:1:      nicolae_arrival_somewhat_less_tricky_arrival
D:2:      chequers_ecumenical_altar_simple, first_bread, tgw_fedhas, uniq_robin,
          uniq_natasha
D:3:      cheibrodos_sewer_entry_sluice, fountainhead, grunt_ministairs_5
Sewer:    sewer_co_cracked_pipes

Skill      XL: |  1  2  3  4 |
---------------+-------------+-----
Necromancy     | 5 |  5.0
Short Blades   | 2 |  2.9
Axes           | 1 |  1.8
Dodging        | |  2.1
Stealth        | |  3.0
Spellcasting   | |  2.0

Action                   |  1- 3 |  4- 6 || total
-------------------------+-------+-------++-------
Melee: Short sword       |    41 |    32 ||    73
       Bite              |     6 |     1 ||     7
       Mace              |     2 |       ||     2
 Cast: Pain              |    24 |       ||    24
       Animate Skeleton  |     2 |       ||     2
       Vampiric Draining |       |     2 ||     2
Invok: Recall Ancestor   |       |     1 ||     1
  Use: Potion            |     2 |       ||     2
       Scroll            |       |     5 ||     5
 Stab: Sleeping          |     7 |     2 ||     9
       Distracted        |     1 |       ||     1
Armor: Leather armour    |     9 |    18 ||    27
Dodge: Dodged            |    23 |    32 ||    55
